 Dungeon Crawl Stone Soup version 0.30-a0-374-g95c0257040 (webtiles) character file.

Game seed: 15615424179237599968

316 karrick the Trooper (level 6, -16/39 HPs)
             Began as a Gargoyle Fighter on Nov 26, 2022.
             Demolished by an ogre
             ... wielding a +0 giant club
              (21 damage)
             ... on level 4 of the Dungeon.
             The game lasted 00:02:57 (3205 turns).

karrick the Trooper (Gargoyle Fighter)              Turns: 3205, Time: 00:02:58

Health: -16/39     AC: 16    Str: 20    XL:     6   Next: 44%
Magic:  6/6        EV:  9    Int:  8    God:
Gold:   157        SH:  4    Dex: 11    Spells: 5/5 levels left

rFire   . . .      SeeInvis .    a - +0 flail
rCold   . . .      Faith    .    c - +0 buckler
rNeg    + . .      Spirit   .    b - +0 scale mail
rPois   ∞          Reflect  .    (no helmet)
rElec   +          Harm     .    (no cloak)
rCorr   .          Rampage  .    l - +0 pair of gloves
Will    +....                    (no boots)
Stlth   ..........               (no amulet)
HPRegen 0.26/turn                h - +4 ring of protection
MPRegen 0.10/turn                j - ring of willpower

@: no status effects
A: sickness immunity, AC +4, negative energy resistance 1, electricity
resistance, torment resistance 1, petrification resistance
a: no special abilities


You were on level 4 of the Dungeon.
You visited 1 branch of the dungeon, and saw 4 of its levels.

You collected 157 gold pieces.

Inventory:

Hand Weapons
 a - a +0 flail (weapon)
Missiles
 r - a throwing net (quivered)
Armour
 b - a +0 scale mail (worn)
 c - a +0 buckler (worn)
 l - a +0 pair of gloves (worn)
Jewellery
 h - a +4 ring of protection (left hand)
 j - a ring of willpower (right hand)
Wands
 t - a wand of roots (14)
Scrolls
 f - a scroll of enchant armour {unknown}
 g - 6 scrolls of identify {unknown}
 m - a scroll of magic mapping {unknown}
 o - 3 scrolls of teleportation {unknown}
 p - a scroll of brand weapon {unknown}
 q - 3 scrolls of poison {unknown}
 s - a scroll of noise {unknown}
 v - a scroll of blinking {unknown}
Potions
 d - 3 potions of might
 e - 4 potions of curing {unknown}
 i - a potion of attraction {unknown}
 k - a potion of brilliance {unknown}
 n - a potion of lignification {unknown}
 u - a potion of haste {unknown}
 w - a potion of mutation {unknown}


   Skills:
 + Level 4.6 Fighting
 + Level 4.5 Maces & Flails
 + Level 4.5 Armour
 + Level 0.4 Stealth
 + Level 4.1 Shields


You had 5 spell levels left.
You didn't know any spells.
Your spell library contained the following spells:

 Spells                   Type           Power      Damage    Failure   Level
 Sandblast                Erth           0%         2d4       83%         1
 Ensorcelled Hibernation  Hex/Ice        0%         N/A       93%         2
 Passwall                 Tmut/Erth      0%         N/A       93%         2
 Portal Projectile        Hex/Tloc       0%         N/A       99%         3
 Stone Arrow              Conj/Erth      0%         3d7       99%         3
 Swiftness                Air            0%         N/A       99%         3
 Tukima's Dance           Hex            0%         N/A       99%         3
 Blade Hands              Tmut           0%         N/A       100%        5
 Fireball                 Conj/Fire      0%         3d3       100%        5
 Iskenderun's Battlesphe  Conj           0%         2d6       100%        5
 Conjure Ball Lightning   Conj/Air       0%         3x3d6     100%        6
 Orb of Destruction       Conj           0%         9d5       100%        7


Dungeon Overview and Level Annotations

Branches:
Dungeon (4/15)
 Temple: D:4-7

Altars:
Fedhas
Kikubaaqudgha
Wu Jian

Shops:
D:3 :


Innate Abilities, Weirdness & Mutations

You are immune to sickness and miasma.
Your stone body is resilient. (AC +4)
You are immune to poison.
You resist negative energy. (rN+)
You are resistant to electric shocks. (rElec)
You are resistant to unholy torment.
You are immune to petrification.


Message History

No target in view!
No target in view!
No target in view!
No target in view!
No target in view!
No target in view!
No target in view!
Items here: ))) [[ †.
You now have 157 gold pieces (gained 14).
An ogre comes into view. It is wielding a +0 giant club.
The ogre shouts!
The ogre hits you with a +0 giant club!
You barely miss the ogre. The ogre barely misses you.
You sock the ogre!
The ogre is heavily wounded.
You sock the ogre!
The ogre is almost dead.
The ogre hits you with a +0 giant club!!
Ouch! That really hurt!
* * * LOW HITPOINT WARNING * * *
You are too injured to fight recklessly!
You are too injured to fight recklessly!
You are too injured to fight recklessly!
You are too injured to fight recklessly!
You are too injured to fight recklessly!
You are too injured to fight recklessly!
You are too injured to fight recklessly!
You are too injured to fight recklessly!
You are too injured to fight recklessly!
You are too injured to fight recklessly!
You are too injured to fight recklessly!
You are too injured to fight recklessly!
You are too injured to fight recklessly!
You are too injured to fight recklessly!
You are too injured to fight recklessly!
You completely miss the ogre.
The ogre is almost dead.
The ogre hits you with a +0 giant club!!
Ouch! That really hurt!
You die...

# #...# ####'##.##
####...# #)##.#
...'...# ##....#
..##...# ##..##.#
#......# #...# #
###....# ########.#.#
..#....# .........#.#
..#....# .........#.#
..#....# .......@.#.#
.......# .......O.#..
##.#...##............
...#...............##
#.....########.###..
.#.#..# .. ...
.#.#..# ... ....
.#.#..# ..## #####
+#.# ..


You could see an ogre.

Vanquished Creatures
  Grinder (D:3)
  A jelly (D:4)
  4 gnolls (D:3)
  A worm (D:3)
  2 dart slugs
  4 orcs (D:4)
  4 ball pythons
  3 endoplasms
  5 giant cockroaches
  3 goblins
  2 hobgoblins
  3 quokkas
  3 bats
  2 frilled lizards
  8 kobolds
  5 rats
51 creatures vanquished.

Vanquished Creatures (others)
  A human (D:3)
  2 plants (D:3)
3 creatures vanquished.

Grand Total: 54 creatures vanquished

Notes
Turn   | Place    | Note
-------+----------+-------------------------------------------
     0 | D:1      | karrick the Gargoyle Fighter began the quest for the Orb.
     0 | D:1      | Reached XP level 1. HP: 14/14 MP: 1/1
   281 | D:1      | Reached XP level 2. HP: 19/19 MP: 2/2
  1279 | D:2      | Reached XP level 3. HP: 23/23 MP: 3/3
  1316 | D:2      | Found a faded altar of an unknown god.
  1641 | D:3      | Found Xuytsack's Book Shoppe.
  1828 | D:3      | Found an ornate altar of the Wu Jian Council.
  1913 | D:3      | Noticed Grinder
  1932 | D:3      | Paralysed by Grinder for 3 turns
  1942 | D:3      | HP: 1/23 [Grinder/nerve-wracking pain (1)]
  1944 | D:3      | Killed Grinder
  1945 | D:3      | Reached XP level 4. HP: 2/29 MP: 4/4
  1945 | D:3      | Reached XP level 5. HP: 3/33 MP: 5/5
  2154 | D:3      | Reached XP level 6. HP: 38/38 MP: 6/6
  2213 | D:3      | Found a faded altar of an unknown god.
  2265 | D:3      | Found an ancient bone altar of Kikubaaqudgha.
  2670 | D:3      | Noticed a human
  2672 | D:3      | Killed a human
  2879 | D:4      | Found a blossoming altar of Fedhas.
  3205 | D:4      | Demolished by an ogre

Illustrated notes

Levels and vault maps discovered:
D:1:      dpeg_cavernosity, layout_basic, minmay_misc_feat_five, minivault_26,
          st_stairs_11
D:2:      layout_basic, shapermc_ecumenical_altar_acropolis
D:3:      cheibrodos_old_hovel, layout_basic, nicolae_overflow_ecumenical_swirl,
          tgw_kikubaaqudgha, general_overflow_altar, serial_shops,
          nicolae_diamond_shop, serial_co_window_serial, co_window_paths_a,
          co_window_cross_1, co_window_paths_a, co_window_of_opportunity_a,
          co_window_paths_a, co_window_of_opportunity_b, co_window_broadway_b,
          co_window_of_opportunity_c, co_window_corner_b,
          co_window_of_opportunity_c, co_window_4corner_a, glass_columns_a,
          glass_columns_c, glass_columns_a, glass_columns_c, minmay_cupped,
          uniq_grinder
D:4:      layout_basic, lemuel_doored_altar, lemuel_blue_sif_altar,
          lemuel_zombie_altar_yredelemnul

Skill      XL: |  1  2  3 |
---------------+----------+-----
Fighting       | 4 |  4.6
Maces & Flails | 4 |  4.5
Armour         | 4 |  4.5
Shields        | 4 |  4.1
Stealth        | |  0.4

Action                   |  1- 3 |  4- 6 || total
-------------------------+-------+-------++-------
Melee: Flail             |   118 |    89 ||   207
Armor: Scale mail        |    53 |    50 ||   103
Dodge: Dodged            |    52 |    44 ||    96
Block: Buckler           |    23 |    20 ||    43

Table legend: (Time is in decaauts)
 A = Elapsed time spent in this place.
 B = Non-inter-level travel time spent in this place.
 C = Inter-level travel time spent in this place.
 D = Time resting spent in this place.
 E = Time spent auto-exploring this place.
 F = Levels seen in this place.
 G = Mean time per level.
                   A        B        C        D        E       F      G
               +--------+--------+--------+--------+--------+-----+--------+
         Total |   3262 |   3139 |    123 |      0 |   2678 |   4 |  815.5 |
       Dungeon |   3262 |   3139 |    123 |      0 |   2678 |   4 |  815.5 |
               +--------+--------+--------+--------+--------+-----+--------+

Top non-repeatable levels by time:
     D:3: 1192 daAuts
     D:1: 1075 daAuts
     D:2: 589 daAuts
     D:4: 403 daAuts
